 Dungeon Crawl Stone Soup version 0.26.0-41-g79a4fc7684 (console) character file.

Game seed: 15193579214196896584

13003 jejorda2 the Severer (level 12, -9/104 HPs)
             Began as a Hill Orc Berserker on Jan 26, 2021.
             Was a High Priest of Trog.
             Mangled by a boulder beetle (14 damage)
             ... on level 13 of the Dungeon.
             The game lasted 00:31:41 (11466 turns).

jejorda2 the Severer (Hill Orc Berserker)          Turns: 11466, Time: 00:31:41

Health: -9/104     AC: 22    Str: 25    XL:     12   Next: 1%
Magic:  12/12      EV:  8    Int:  7    God:    Trog [*****.]
Gold:   810        SH:  0    Dex: 10    Spells: 11/11 levels left

rFire    + . .     SeeInvis .   a - +0 battleaxe (elec)
rCold    + . .     Faith    .   (shield currently unavailable)
rNeg     . . .     Spirit   .   t - +0 plate armour
rPois    +         Reflect  .   f - +0 helmet
rElec    .         Harm     .   y - scarf {rC+ rF+}
rCorr    .         Rampage  .   v - +2 pair of gloves
Will     .....                  (no boots)
Stlth    ..........             M - amulet of regeneration
HPRegen  0.67/turn              J - ring of poison resistance
MPRegen  0.13/turn              n - +4 ring of protection

@: no status effects
A: no striking features
a: Renounce Religion, Berserk, Trog's Hand, Brothers in Arms


You were on level 13 of the Dungeon.
You worshipped Trog.
Trog was extremely pleased with you.
You visited 1 branch of the dungeon, and saw 13 of its levels.

You collected 1090 gold pieces.
You spent 280 gold pieces at shops.

Inventory:

Hand Weapons
 a - a +0 battleaxe of electrocution (weapon)
 b - a +0 dire flail
 p - a +1 hand axe of electrocution
Missiles
 h - 84 poisoned darts (quivered)
 i - 14 boomerangs
 j - a throwing net
 w - 4 silver javelins
Armour
 f - a +0 helmet (worn)
 s - a +2 cloak
 t - a +0 plate armour (worn)
 v - a +2 pair of gloves (worn)
 y - a scarf of resistance (worn)
Jewellery
 k - an uncursed ring of protection from cold
 l - an uncursed ring of protection from cold
 n - a +4 ring of protection (right hand)
 u - an uncursed ring of protection from fire
 J - a ring of poison resistance (left hand)
 M - an amulet of regeneration (around neck)
Wands
 K - a wand of flame (10)
Scrolls
 d - 6 scrolls of teleportation
 e - 2 scrolls of magic mapping
 g - a scroll of brand weapon
 A - 2 scrolls of fog
Potions
 c - 7 potions of curing
 m - 2 potions of magic
 o - a potion of ambrosia {unknown}
 q - 4 potions of invisibility
 r - 2 potions of resistance {unknown}
 z - 5 potions of heal wounds
 B - a potion of attraction {unknown}
 D - 2 potions of might
 E - 3 potions of haste
 G - 2 potions of flight
 H - a potion of mutation {unknown}
 I - a potion of lignification {unknown}


   Skills:
 + Level 9.2 Fighting
 * Level 19.0 Axes
 + Level 8.8 Armour
 - Level 1.5 Dodging


You had 11 spell levels left.
You didn't know any spells.
Your spell library was empty.

Dungeon Overview and Level Annotations

Branches:
Dungeon (14/15)            Temple (0/1) D:5            Lair (0/6) D:11
    Orc (0/2) D:9
 Vaults: D:13-14

Altars:
Ashenzari
Elyvilon
Gozag
Nemelex Xobeh
Sif Muna
Yredelemnul
Zin

Shops:
D:8 *   D:11 :

Portals:
Trove: D:11 (give 6 scrolls of fear)

Annotations:
D:7 2 transporters, thiole's ghost, novice OpWz


Message History

Aiming: Throw Flame
Press: ? - help, Shift-Dir - straight line, f/p - boulder beetle
Aim: a boulder beetle (almost dead, 0% to evade)
The puff of flame hits the boulder beetle but does no damage.
The boulder beetle is almost dead.
Evoke which item? (* to show all) (? for menu, Esc to quit)
Aiming: Throw Flame
Press: ? - help, Shift-Dir - straight line, f/p - boulder beetle
Aim: a boulder beetle (almost dead, 0% to evade)
The puff of flame hits the boulder beetle but does no damage.
The boulder beetle is almost dead.
You hit the boulder beetle but do no damage.
The boulder beetle is almost dead.
The boulder beetle hits you!!
* * * LOW HITPOINT WARNING * * *
The boulder beetle stops rolling and uncurls.
You slash the boulder beetle!
The boulder beetle is almost dead.
The boulder beetle bites you!
You die...

****,,,*,,,,,*,,,,,*
,,,,,,,*,,,,,*,,,,,*
,,,,,,,*,.,,,+,,,,,*
,,,,,,,*,..,,*,,,,,*
,,,,,,,*,...,*,,,,,*
+***,,,*,....########
,,**,,,*,...........#
,,,,,,,*,......(....#
,,,,,,,*,.....°B@...#
,,,,,,,*,....°......#
,,**,,,*,...........#
****,,,**#####+######
*,,,,∩,,,,,,,,,,,*
*,,,,,,,,,,,,,,,,*
*,,,,,,,,,,,,,,,,*
*,,,,,,,,,,,,,,,,*
*,,,,,,,,,,,,,,,,*


You could see a boulder beetle.

Vanquished Creatures
  A boulder beetle (D:10)
  2 two-headed ogres
  An unseen horror (D:10)
  2 centaur zombies
  2 centaur skeletons
  A komodo dragon (D:11)
  A tengu conjurer (D:8)
  2 trolls
  Grinder (D:6)
  2 hornets
  Sigmund (D:6)
  A shadow (D:11)
  2 wraiths
  A wyvern (D:10)
  A vampire (D:11)
  2 vampire mosquitoes (D:11)
  An acid dragon (D:14)
  3 water moccasins
  Duvessa (D:6)
  An ice beast (D:11)
  2 orc warriors
  A hornet zombie (D:11)
  The ghost of gchao the Chopper, an amateur HOMo (D:3)
  A black bear (D:11)
  3 phantoms
  9 ogres
  6 centaurs
  A big kobold (D:7)
  10 bullfrogs
  Dowan (D:6)
  13 killer bees
  8 wights
  A howler monkey (D:5)
  A quasit (D:11)
  A bullfrog zombie (D:7)
  4 hounds
  5 bullfrog skeletons
  2 jellies
  8 orc priests
  8 orc wizards
  2 iguanas
  11 worker ants
  A killer bee zombie (D:7)
  A hound zombie (D:6)
  5 hound skeletons
  A howler monkey zombie (D:5)
  13 adders
  9 gnolls
  A shadow imp (D:7)
  3 white imps
  4 ufetubi
  2 oozes
  An adder skeleton (D:4)
  2 adder zombies
  5 worms
  3 dart slugs
  5 leopard geckos
  34 orcs
  5 ball pythons
  6 giant cockroaches
  10 goblins
  11 hobgoblins
  11 jackals
  11 kobolds
  5 quokkas
  7 bats
  6 frilled lizards
  A quokka skeleton (D:7)
  9 rats
300 creatures vanquished.

Vanquished Creatures (collateral kills)
  The ghost of Gadfly the Fighter, a journeyman GnWn of Sif Muna (D:10)
  The ghost of Coron the Cleaver, a novice MiFi of Okawaru (D:8)
2 creatures vanquished.

Vanquished Creatures (others)
  35 fungi
  43 plants (D:11)
  A withered plant (D:6)
79 creatures vanquished.

Grand Total: 381 creatures vanquished

Notes
Turn   | Place    | Note
-------+----------+-------------------------------------------
     0 | D:1      | jejorda2 the Hill Orc Berserker began the quest for the
                  | Orb.
     0 | D:1      | Reached XP level 1. HP: 19/19 MP: 1/1
   632 | D:1      | Reached XP level 2. HP: 19/27 MP: 2/2
  1192 | D:1      | Reached ** piety under Trog
  1258 | D:1      | Reached skill level 5 in Axes
  1258 | D:1      | Reached XP level 3. HP: 33/33 MP: 3/3
  1747 | D:2      | Found a shimmering blue altar of Sif Muna.
  1922 | D:2      | Reached XP level 4. HP: 36/40 MP: 4/4
  2303 | D:2      | Found a white marble altar of Elyvilon.
  2748 | D:3      | Reached skill level 6 in Axes
  2748 | D:3      | Reached XP level 5. HP: 47/47 MP: 5/5
  2985 | D:3      | Reached skill level 5 in Fighting
  2985 | D:3      | Reached XP level 6. HP: 52/56 MP: 6/6
  3074 | D:3      | Found a runed translucent door.
  3079 | D:3      | Noticed gchao's ghost (amateur HOMo)
  3099 | D:3      | Reached skill level 7 in Axes
  3107 | D:3      | Killed gchao's ghost
  3175 | D:3      | Found a broken altar of Ashenzari.
  3292 | D:3      | Found a runed translucent door.
  3367 | D:3      | Reached *** piety under Trog
  3694 | D:3      | Noticed a two-headed ogre
  3711 | D:3      | Killed a two-headed ogre
  3712 | D:3      | Reached skill level 10 in Axes
  3712 | D:3      | Reached skill level 5 in Armour
  3712 | D:3      | Reached XP level 7. HP: 50/63 MP: 7/7
  3712 | D:3      | Reached XP level 8. HP: 56/70 MP: 8/8
  3838 | D:3      | Found a sparkling altar of Nemelex Xobeh.
  3847 | D:3      | Found a glowing silver altar of Zin.
  4621 | D:4      | Reached skill level 11 in Axes
  4880 | D:5      | Entered Level 5 of the Dungeon
  4880 | D:5      | Found a staircase to the Ecumenical Temple.
  5228 | D:5      | Reached skill level 12 in Axes
  5228 | D:5      | Reached XP level 9. HP: 69/75 MP: 9/9
  5837 | D:6      | Noticed Dowan
  5838 | D:6      | Noticed Duvessa
  5845 | D:6      | Killed Duvessa
  5846 | D:6      | Reached skill level 13 in Axes
  5851 | D:6      | Killed Dowan
  5922 | D:6      | Reached **** piety under Trog
  5961 | D:6      | Noticed Grinder
  5977 | D:6      | Killed Grinder
  6049 | D:6      | Reached skill level 14 in Axes
  6376 | D:6      | Noticed Sigmund
  6386 | D:6      | Killed Sigmund
  6519 | D:6      | Found a basalt altar of Yredelemnul.
  6679 | D:7      | Reached skill level 15 in Axes
  6728 | D:7      | Reached XP level 10. HP: 83/83 MP: 10/10
  6841 | D:7      | You fall into a shaft and drop 2 floors!
  7281 | D:7      | Reached skill level 16 in Axes
  7367 | D:7      | Reached ***** piety under Trog
  7410 | D:7      | Paralysed by a hornet for 2 turns
  7417 | D:7      | Paralysed by a hornet for 2 turns
  7846 | D:7      | Noticed thiole's ghost (novice OpWz)
  7849 | D:7      | Found a transporter.
  7901 | D:7      | Found a transporter.
  8284 | D:8      | Reached skill level 17 in Axes
  8334 | D:8      | Found an opulent altar of Gozag.
  8336 | D:8      | Found a runed translucent gate.
  8336 | D:8      | Found a runed translucent gate.
  8336 | D:8      | Found a runed translucent gate.
  8337 | D:8      | Noticed Coron's ghost (novice MiFi)
  8347 | D:8      | Found Xuyzaim's General Store.
  8421 | D:8      | Killed Coron's ghost
  8953 | D:8      | Bought a scroll of brand weapon for 280 gold pieces
  9038 | D:9      | Found a staircase to the Orcish Mines.
  9061 | D:9      | Received a gift from Trog
  9555 | D:9      | Noticed a two-headed ogre
  9560 | D:9      | Killed a two-headed ogre
  9561 | D:9      | Reached XP level 11. HP: 92/92 MP: 11/11
  9778 | D:10     | Entered Level 10 of the Dungeon
 10258 | D:10     | Found a runed translucent door.
 10260 | D:10     | Noticed Gadfly's ghost (journeyman GnWn)
 10260 | D:10     | Noticed a boulder beetle
 10271 | D:10     | Killed Gadfly's ghost
 10272 | D:10     | Reached skill level 18 in Axes
 10278 | D:10     | Killed a boulder beetle
 10285 | D:10     | Got an iridescent glaive
 10316 | D:10     | Identified the cursed +0 glaive of Discomfort {elec, Str+5}
                  | (You found it on level 10 of the Dungeon)
 10566 | D:10     | Killed an unseen horror
 11056 | D:11     | Found Vuyciffio's Book Shoppe.
 11193 | D:11     | Found a portal to a secret trove of treasure.
 11265 | D:11     | Found a staircase to the Lair.
 11324 | D:11     | You fall into a shaft and drop 3 floors!
 11366 | D:14     | Reached skill level 19 in Axes
 11414 | D:14     | Reached XP level 12. HP: 90/104 MP: 12/12
 11446 | D:14     | Noticed a boulder beetle
 11446 | D:14     | Noticed a centaur warrior
 11446 | D:14     | Noticed a centaur warrior
 11465 | D:13     | HP: 5/104 [boulder beetle (32)]
 11466 | D:13     | Mangled by a boulder beetle

Illustrated notes

Levels and vault maps discovered:
D:1:      saegor_arrival_simple_e, layout_loops_ring, minmay_split_cup_large
D:2:      layout_loops_ring, elyvilon_altar_1, lemuel_round_altar,
          moated_statue, grunt_decor_arrowhead
D:3:      layout_loops_corners, old_standard_altar,
          amethyst_overflow_temple_binary, ebering_ghost_sewer_f
D:4:      layout_rooms
D:5:      layout_cave_pools, minmay_temple_entry_mist, kennysheep_crisscross
D:6:      layout_cave_pools, yredelemnul_altar_generic, uniq_grinder,
          uniq_sigmund, uniq_duvessa
D:7:      kennysheep_six_static_rooms, layout_loops_ring, gammafunk_ghost_arena
D:8:      layout_basic, ebering_ghost_gozag, serial_shops, kennysheep_mini
D:9:      layout_irregular_city, erik_orc_3
D:10:     layout_basic, ebering_ghost_inner_flame
D:11:     layout_basic, due_lair_maze_entry_diamond,
          nicolae_trove_entry_isolated, serial_shops, nicolae_shop_stone
D:13:     layout_gridville, gauntlet_entry_generic, portal_ice_cave_rime
D:14:     minmay_guarded_unrand_sword_of_power, layout_loops_corners,
          grunt_vaults_entry_fortified, minmay_misc_feat_doors, uniq_azrael,
          uniq_snorg

Skill      XL: |  1  2  3  4  5  6  7  8  9 10 11 |
---------------+----------------------------------+-----
Fighting       | 4 5 6 7 9 |  9.2
Axes           | 5 6 10 12 15 17 19 | 19.0
Armour         | 3 5 6 7 8 |  8.8
Dodging        | |  1.5

Action                   |  1- 3 |  4- 6 |  7- 9 | 10-12 || total
-------------------------+-------+-------+-------+-------++-------
Melee: Hand axe          |   131 |   185 |   368 |   329 ||  1013
       Battleaxe         |       |       |       |   137 ||   137
Throw: Dart              |     3 |       |     8 |       ||    11
Invok: Berserk           |     1 |     3 |     5 |     4 ||    13
       Trog's Hand       |       |     1 |     3 |       ||     4
       Brothers in Arms  |       |       |       |     2 ||     2
Evoke: Wand              |       |       |       |     4 ||     4
  Use: Scroll            |       |       |    18 |    11 ||    29
 Stab: Distracted        |       |       |       |     1 ||     1
Armor: Animal skin       |    15 |       |       |       ||    15
       Leather armour    |     4 |       |       |       ||     4
       Ring mail         |     3 |    22 |       |       ||    25
       Scale mail        |       |    61 |    92 |       ||   153
       Chain mail        |       |       |    68 |    58 ||   126
       Plate armour      |       |       |       |   181 ||   181
Dodge: Dodged            |    98 |    76 |   130 |   110 ||   414
